 Dungeon Crawl Stone Soup version 0.30.1-4-g462c640d31 (webtiles) character file.

Game seed: 17136592000744399995

156 sizableburger the Digger (level 5, -3/48 HPs)
             Began as a Gargoyle Earth Elementalist on June 3, 2023.
             Slain by a gnoll
             ... wielding a +0 halberd
             ... led by a gnoll bouda
              (7 damage)
             ... on level 3 of the Dungeon on Aug 20, 2023.
             The game lasted 00:08:34 (3199 turns).

sizableburger the Digger (GrEE)                     Turns: 3199, Time: 00:08:35

Health: -3/48      AC: 22    Str: 11    XL:     5   Next: 37%
Magic:  5/9        EV:  2    Int: 18    God:
Gold:   142        SH:  0    Dex: 16    Spells: 4/10 levels left

rFire   . . .        (no weapon)
rCold   . . .        (no shield)
rNeg    + . .        a - melded +0 robe
rPois   ∞            (helmet currently unavailable)
rElec   .            (cloak currently unavailable)
rCorr   .            (gloves currently unavailable)
SInv    .            (boots currently unavailable)
Will    .....        (no amulet)
Stlth   ++           o - +6 ring of dexterity
HPRegen 0.28/turn    (no ring)
MPRegen 0.11/turn

%: no passive effects
@: mighty, tree-form, weakened
A: stationary, stasis, torment immunity, boosted hp, sickness immunity, AC +4,
negative energy resistance 1, (electricity resistance), torment resistance 1,
petrification resistance
a: no special abilities


You were on level 3 of the Dungeon.
You were a tree.
You visited 1 branch of the dungeon, and saw 3 of its levels.

You collected 142 gold pieces.

Inventory:

Armour
 a - a +0 robe (melded)
Jewellery
 o - a +6 ring of dexterity (left branch)
 p - an amulet of guardian spirit
Scrolls
 e - 2 scrolls of identify {unknown}
 f - 4 scrolls of teleportation
 g - a scroll of vulnerability {unknown}
 l - a scroll of fear {unknown}
 m - a scroll of enchant weapon {unknown}
 n - a scroll of magic mapping {unknown}
Potions
 b - a potion of magic
 c - a potion of attraction {unknown}
 d - a potion of cancellation {unknown}
 h - 2 potions of lignification
 i - 2 potions of curing {unknown}
 j - 2 potions of might
 k - a potion of brilliance {unknown}


   Skills:
 + Level 2.8 Fighting
 - Level 1.6 Dodging
 - Level 2.2 Stealth
 + Level 3.0 Spellcasting
 - Level 1.0 Transmutations
 + Level 5.2 Earth Magic


You had 4 spell levels left.
You knew the following spells:

 Your Spells              Type           Power      Damage    Failure   Level
a - Sandblast             Erth           42%        2d11      1%          1
b - Passwall              Tmut/Erth      10%        N/A       7%          2
c - Stone Arrow           Conj/Erth      24%        3d8       17%         3

Your spell library contained the following spells:

 Spells                   Type           Power      Damage    Failure   Level
 Petrify                  Tmut/Erth      13%        N/A       41%         4
 Vhi's Electric Charge    Tloc/Air       4%         N/A       43%         3
 Volatile Blastmotes      Fire/Tloc      4%         2d10      43%         3
 Anguish                  Hex/Necr       1%         N/A       85%         4
 Cause Fear               Hex            1%         N/A       85%         4
 Fulminant Prism          Conj/Hex       1%         3d5       85%         4
 Iskenderun's Mystic Bla  Conj/Tloc      2%         2d3       85%         4
 Lee's Rapid Deconstruct  Erth           10%        3d8*      45%         5
 Arcjolt                  Conj/Air       1%         1d11      99%         5
 Plasma Beam              Fire/Air       1%         2x1d12    100%        6
 Enfeeble                 Hex            1%         N/A       100%        7


Dungeon Overview and Level Annotations

Branches:
Dungeon (3/15)

Altars:
Dithmenos


Innate Abilities, Weirdness & Mutations

You are a tree.
Your roots penetrate the ground, keeping you stationary.
You cannot be teleported.
You are immune to unholy pain and torment.
Your maximum health is greatly increased.
Your equipment is partially melded.
You are immune to sickness and miasma.
((Your stone body is resilient. (AC +4)))
You are immune to poison.
You resist negative energy. (rN+)
((You are resistant to electric shocks. (rElec)))
You are resistant to unholy torment.
You are immune to petrification.


Message History

Unknown command.
The blast of sand hits the gnoll bouda!
The gnoll bouda is almost dead.
The gnoll hits you from afar with a +0 halberd.
The gnoll bouda gazes fiercely through you!
You feel as though you will be weak longer.
The gnoll bouda barely misses you.
The gnoll hits you from afar with a +0 halberd!
The blast of sand hits the gnoll bouda but does no damage.
The gnoll bouda is almost dead.
The gnoll bouda hits you with a +0 whip.
The gnoll barely misses you.
The gnoll bouda utters an invocation to its god.
The gnoll bouda is healed somewhat.
Unknown command.
You are too injured to fight recklessly!
Unknown command.
Casting: Sandblast (safe; 1% risk of failure)
Confirm with . or Enter, or press ? or * to list all spells.
Aiming: Sandblast (safe; 1% risk of failure)
Press: ? - help, Shift-Dir - straight line, f/p - gnoll bouda
Aim: a gnoll bouda, wielding a +0 whip and wearing a +0 robe (severely wounded, 85% to hit)
The blast of sand misses the gnoll bouda.
The blast of sand hits the gnoll!
The gnoll is severely wounded.
The gnoll hits you from afar with a +0 halberd!
* * * LOW HITPOINT WARNING * * *
The gnoll bouda barely misses you. The gnoll misses you.
Your magical contamination has completely faded away.
Okay, then.
It was a potion of lignification.
You turn into a tree.
Your +0 robe melds into your body.
Your roots penetrate the ground.
The gnoll bouda hits you but does no damage.
The gnoll hits you but does no damage.
It was a potion of might.
You feel very mighty all of a sudden.
The gnoll bouda hits you but does no damage.
The gnoll hits you from afar with a +0 halberd!
You die...

.......#.# ##.......## #..###.##
##.##....###.........####........
#.#...)...'.........'...........
#.##....###.........####...##.##
#.......# ##.......## #.......#
#.......# ##.....## #.#######
###.##.### ##.g.## #.# >......#
##g## #.# ###.#### #♣# #.#
#.############.# #.#
#.##.........#.## #.#
###.##.#######....## #.#
........# #.....# #.# ###.##..#
#....## #.# #.##..####
#.#.#######.#
#........###.###.......#
####..##.........#######


You could see a gnoll bouda and a gnoll (swift).

Vanquished Creatures
  2 gnolls (D:3)
  4 adders (D:2)
  5 worms
  5 dart slugs
  An orc (D:3)
  7 bats
  7 endoplasms
  2 giant cockroaches
  4 goblins
  6 hobgoblins
  4 jackals
  A quokka (D:1)
  7 ball pythons
  6 frilled lizards
  6 kobolds
  5 rats
72 creatures vanquished.

Notes
Turn   | Place    | Note
-------+----------+-------------------------------------------
     0 | D:1      | sizableburger the Gargoyle Earth Elementalist began the
                  | quest for the Orb.
     0 | D:1      | Reached XP level 1. HP: 10/10 MP: 3/3
     2 | D:1      | Noticed an octopode
     2 | D:1      | Noticed a minotaur
     4 | D:1      | Noticed a felid
     4 | D:1      | Noticed a merfolk
     6 | D:1      | Noticed an ogre
     8 | D:1      | Noticed a vine stalker
     8 | D:1      | Noticed a formicid
    10 | D:1      | Noticed a draconian
    12 | D:1      | Noticed a demigod
    12 | D:1      | Noticed a gargoyle
    14 | D:1      | Noticed a spriggan
    14 | D:1      | Noticed an elf
    16 | D:1      | Noticed a human
    16 | D:1      | Noticed an armataur
    18 | D:1      | Noticed a meteoran
    18 | D:1      | Noticed a demonspawn
    20 | D:1      | Noticed a tengu
    20 | D:1      | Noticed a troll
    22 | D:1      | Noticed a naga
    22 | D:1      | Noticed a vampire
    24 | D:1      | Noticed an elf
    26 | D:1      | Noticed a merfolk
    26 | D:1      | Noticed a troll
    88 | D:1      | Reached skill level 1 in Transmutations
   219 | D:1      | Reached XP level 2. HP: 15/15 MP: 3/5
   296 | D:1      | Upgraded the game from 0.30.0-29-ga12c61a403 to
                  | 0.30.1-4-g462c640d31
   318 | D:1      | Reached skill level 4 in Earth Magic
   498 | D:1      | Reached skill level 1 in Fighting
   597 | D:1      | Learned a level 2 spell: Passwall
   760 | D:1      | Reached XP level 3. HP: 20/20 MP: 3/6
   986 | D:2      | Found a faded altar of an unknown god.
  1290 | D:2      | Reached XP level 4. HP: 26/26 MP: 4/7
  2015 | D:2      | Reached skill level 5 in Earth Magic
  2104 | D:2      | Reached XP level 5. HP: 31/31 MP: 7/9
  2384 | D:2      | Learned a level 3 spell: Stone Arrow
  2391 | D:3      | Found a shadowy altar of Dithmenos.
  3199 | D:3      | Slain by a gnoll

Illustrated notes

Levels and vault maps discovered:
D:1:      kb_arrival_jail, layout_loops_ring
D:2:      layout_basic, hellmonk_ecumenical_altar_lost_god,
          minmay_joined_circles
D:3:      layout_loops_corners, nicolae_dithmenos_shadow_blocks

Skill      XL: |  1  2  3  4  5 |
---------------+----------------+-----
Transmutations | 1 |  1.0
Earth Magic    | 4 5 |  5.2
Fighting       | 1 2 |  2.8
Spellcasting   | 3 |  3.0
Dodging        | |  1.6
Stealth        | |  2.2

Action                     |  1- 3 |  4- 6 || total
---------------------------+-------+-------++-------
  Melee: Unarmed           |       |     2 ||     2
   Cast: Sandblast         |    52 |    60 ||   112
         Stone Arrow       |       |     3 ||     3
    Use: Scroll            |       |     2 ||     2
         Potion            |       |     2 ||     2
 Armour: Robe              |    16 |     8 ||    24
         Skin              |       |     3 ||     3
  Dodge: Dodged            |    33 |    17 ||    50
